| TOP OF THE 1ST |
|
Chicago (APP) Cubs batting - Pitching for Billings Mustangs : RHP Markus Bevan
|
|
Pitching: RHP Markus Bevan
|
|
|
Batting: RHB Adrian Cox
|
0-0: Ball 1-0: Called Strike 1-1: Swinging Strike 1-2: Ball 2-2: Strikes out swinging
|
|
Batting: LHB Hiroki Yamamoto
|
0-0: Called Strike 0-1: Swinging Strike 0-2: Ball 1-2: Ball 2-2: Strikes out looking
|
|
Batting: RHB Mike Hill
|
0-0: Called Strike 0-1: Ball 1-1: Fly out, F8 (Flyball, 8LXD, EV 98.8 MPH)
|
| Top of the 1st over - 0 runs, 0 hits, 0 errors, 0 left on base; Chicago (APP) 0 - Billings 0 |
| BOTTOM OF THE 1ST |
|
Billings Mustangs batting - Pitching for Chicago (APP) Cubs : RHP Roberto Cruz
|
|
Pitching: RHP Roberto Cruz
|
|
|
Batting: RHB Jake Savell
|
0-0: Called Strike 0-1: Ball 1-1: Called Strike 1-2: SOLO HOME RUN (Flyball, 7LD, EV 91.9 MPH), Distance : 342 ft
|
|
Batting: RHB Andy Bachman
|
0-0: Swinging Strike 0-1: Called Strike 0-2: Ball 1-2: Fly out, F8 (Flyball, 8RM, EV 80.6 MPH)
|
|
Batting: SHB David Garnica
|
0-0: Called Strike 0-1: Swinging Strike 0-2: SOLO HOME RUN (Flyball, 9D, EV 105.0 MPH), Distance : 382 ft
|
|
Batting: LHB Jeremy Robertson
|
0-0: Swinging Strike 0-1: Called Strike 0-2: Strikes out looking
|
|
Batting: RHB Yutaka Sato
|
0-0: Called Strike 0-1: Ball 1-1: Foul Ball, location: 2F 1-2: Ball 2-2: Ball 3-2: Base on Balls
|
|
Pitching: RHP Velimir Sljivancanin
|
|
|
Batting: SHB Gustavo Froio
|
0-0: Called Strike 0-1: Swinging Strike 0-2: Foul Ball, location: 2F 0-2: Foul Ball, location: 2F 0-2: Ball 1-2: Ball 2-2: Strikes out swinging
|
| Bottom of the 1st over - 2 runs, 2 hits, 0 errors, 1 left on base; Chicago (APP) 0 - Billings 2 |
| TOP OF THE 2ND |
|
Chicago (APP) Cubs batting - Pitching for Billings Mustangs : RHP Markus Bevan
|
|
Batting: RHB T.J. Garrison
|
0-0: Swinging Strike 0-1: Called Strike 0-2: Strikes out looking
|
|
Batting: RHB Dustin Goldsborough
|
0-0: Called Strike 0-1: Swinging Strike 0-2: Ball 1-2: Ball 2-2: Ball 3-2: Strikes out swinging
|
|
Batting: RHB Andy Baumhardt
|
0-0: Foul Ball, location: 2F 0-1: Swinging Strike 0-2: Strikes out swinging
|
| Top of the 2nd over - 0 runs, 0 hits, 0 errors, 0 left on base; Chicago (APP) 0 - Billings 2 |
| BOTTOM OF THE 2ND |
|
Billings Mustangs batting - Pitching for Chicago (APP) Cubs : RHP Velimir Sljivancanin
|
|
Batting: LHB William Matthews
|
0-0: Ball 1-0: Called Strike 1-1: Ball 2-1: Swinging Strike 2-2: SINGLE (Groundball, 56D, EV 95.6 MPH)
|
|
Batting: RHB Mario Gomez
|
0-0: DOUBLE (Groundball, 5L, EV 107.5 MPH) William Matthews to third
|
|
Batting: LHB Elijah Benton
|
0-0: Ball 1-0: Foul Ball, location: 2F 1-1: Foul Ball, location: 2F 1-2: SINGLE (Line Drive, 8LS, EV 100.6 MPH) William Matthews scores Mario Gomez to third
|
|
Batting: RHB Jake Savell
|
0-0: Ball 1-0: Ball 2-0: SINGLE (Line Drive, 7S, EV 102.5 MPH) Mario Gomez scores Elijah Benton to second
|
|
Pitching: RHP Trevor Woodbury
|
|
|
Batting: RHB Andy Bachman
|
0-0: Called Strike 0-1: Swinging Strike 0-2: Ball 1-2: Ball 2-2: Ball 3-2: Strikes out swinging
|
|
Batting: SHB David Garnica
|
0-0: Called Strike 0-1: Called Strike 0-2: Ball 1-2: Ball 2-2: 3-RUN HOME RUN (Flyball, 78XD, EV 100.0 MPH), Distance : 419 ft
|
|
Batting: LHB Jeremy Robertson
|
0-0: Ball 1-0: SINGLE (Groundball, 4, EV 106.2 MPH)
|
|
Batting: RHB Yutaka Sato
|
0-0: Called Strike Jeremy Robertson steals 2nd base 0-1: Foul Ball, location: 2F 0-2: Ball 1-2: Strikes out looking
|
|
Batting: SHB Gustavo Froio
|
0-0: Called Strike 0-1: Ball 1-1: Foul Ball, location: 2F 1-2: DOUBLE (Groundball, 3L, EV 100.0 MPH) Jeremy Robertson scores
|
|
Batting: LHB William Matthews
|
0-0: SINGLE (Line Drive, 89M, EV 89.4 MPH) Gustavo Froio to third Runner from 3rd tries for Home, throw by CF and OUT! 8-2
|
| Bottom of the 2nd over - 6 runs, 8 hits, 0 errors, 1 left on base; Chicago (APP) 0 - Billings 8 |
| TOP OF THE 3RD |
|
Chicago (APP) Cubs batting - Pitching for Billings Mustangs : RHP Markus Bevan
|
|
Batting: LHB Tom Mooney
|
0-0: Ball 1-0: Ball 2-0: Ball 3-0: Hit by Pitch
|
|
Batting: RHB Ricardo Saucedo
|
0-0: Foul Ball, location: 2F 0-1: Ball 1-1: Ball 2-1: Foul Ball, location: 2F 2-2: Strikes out swinging
|
|
Batting: RHB Bogdan Sdobnyakov
|
0-0: Ball 1-0: Sac Bunt to 15S - play at first, batter OUT! 1-4 Tom Mooney to second
|
|
Batting: RHB Adrian Cox
|
0-0: Ball 1-0: Foul Ball, location: 2F 1-1: Fly out, F8 (Flyball, 8RD, EV 99.4 MPH)
|
| Top of the 3rd over - 0 runs, 0 hits, 0 errors, 1 left on base; Chicago (APP) 0 - Billings 8 |
| BOTTOM OF THE 3RD |
|
Billings Mustangs batting - Pitching for Chicago (APP) Cubs : RHP Trevor Woodbury
|
|
Batting: RHB Mario Gomez
|
0-0: Ball 1-0: Ball 2-0: Foul Ball, location: 2F 2-1: Swinging Strike 2-2: Strikes out swinging
|
|
Batting: LHB Elijah Benton
|
0-0: Ball 1-0: Ball 2-0: Swinging Strike 2-1: Ball 3-1: Swinging Strike 3-2: Strikes out swinging
|
|
Batting: RHB Jake Savell
|
0-0: Ball 1-0: Ball 2-0: Foul Ball, location: 2F 2-1: Ball 3-1: SINGLE (Flyball, 8LS, EV 90.6 MPH)
|
|
Batting: RHB Andy Bachman
|
0-0: Ball 1-0: Ball 2-0: Ball 3-0: Called Strike 3-1: Foul Ball, location: 2F 3-2: Base on Balls Jake Savell to second
|
|
Batting: SHB David Garnica
|
0-0: Called Strike 0-1: Swinging Strike 0-2: SINGLE (Groundball, 6MD, EV 103.1 MPH) Jake Savell to third Andy Bachman to second Runner from 3rd tries for Home, SAFE, throw by CF to home
|
|
Batting: LHB Jeremy Robertson
|
0-0: Called Strike 0-1: Ball 1-1: TRIPLE (Flyball, 89XD, EV 89.4 MPH) Andy Bachman scores David Garnica scores
|
|
Pitching: RHP Anastagio Fasola
|
|
|
Batting: RHB Yutaka Sato
|
0-0: Ball 1-0: Ball 2-0: Fly out, F7 (Flyball, 7D, EV 86.2 MPH)
|
| Bottom of the 3rd over - 3 runs, 3 hits, 0 errors, 1 left on base; Chicago (APP) 0 - Billings 11 |
| TOP OF THE 4TH |
|
Chicago (APP) Cubs batting - Pitching for Billings Mustangs : RHP Markus Bevan
|
|
Batting: LHB Hiroki Yamamoto
|
0-0: Ball 1-0: Called Strike 1-1: SINGLE (Groundball, 4MD, EV 110.0 MPH)
|
|
Batting: RHB Mike Hill
|
0-0: Called Strike Hiroki Yamamoto steals 2nd base 0-1: Foul Ball, location: 2F 0-2: Foul Ball, location: 2F 0-2: Strikes out swinging
|
|
Pitching: RHP Joe Green
|
|
|
Batting: RHB T.J. Garrison
|
0-0: Called Strike 0-1: Ball 1-1: Ground out 5-3 (Groundball, 56S, EV 70.0 MPH) Hiroki Yamamoto to third
|
|
Batting: RHB Dustin Goldsborough
|
0-0: Ball 1-0: Ball 2-0: Ball 3-0: Base on Balls
|
|
Batting: RHB Andy Baumhardt
|
0-0: Ball 1-0: Fly out, F8 (Flyball, 78D, EV 96.2 MPH)
|
| Top of the 4th over - 0 runs, 1 hit, 0 errors, 2 left on base; Chicago (APP) 0 - Billings 11 |
| BOTTOM OF THE 4TH |
|
Billings Mustangs batting - Pitching for Chicago (APP) Cubs : RHP Anastagio Fasola
|
|
Batting: SHB Gustavo Froio
|
0-0: Foul Ball, location: 2F 0-1: Ground out 1-3 (Groundball, 13S, EV 75.6 MPH)
|
|
Batting: LHB William Matthews
|
0-0: Called Strike 0-1: Ball 1-1: Ball 2-1: Ball 3-1: Base on Balls
|
|
Batting: RHB Mario Gomez
|
0-0: Ball 1-0: Ball 2-0: Fielders Choice at 2nd, 6-4 (Groundball, 6, EV 86.9 MPH)
|
|
Batting: LHB Elijah Benton
|
0-0: DOUBLE (Line Drive, 7LS, EV 93.8 MPH) Mario Gomez to third Runner from 3rd tries for Home, SAFE, throw by LF to home
|
|
Batting: RHB Jake Savell
|
0-0: Ball 1-0: 2-RUN HOME RUN (Flyball, 9LD, EV 93.1 MPH), Distance : 364 ft
|
|
Batting: RHB Andy Bachman
|
0-0: Ball 1-0: Ball 2-0: Called Strike 2-1: Foul Ball, location: 2F 2-2: Ball 3-2: Foul Ball, location: 2F 3-2: Foul Ball, location: 2F 3-2: Base on Balls
|
|
Pitching: RHP Jose Mata
|
|
|
Batting: SHB David Garnica
|
0-0: Ball 1-0: Called Strike 1-1: Foul Ball, location: 2F 1-2: Ball 2-2: Foul Ball, location: 2F 2-2: Ball 3-2: Ground out U3 (Groundball, 3L, EV 80.6 MPH)
|
| Bottom of the 4th over - 3 runs, 2 hits, 0 errors, 1 left on base; Chicago (APP) 0 - Billings 14 |
| TOP OF THE 5TH |
|
Chicago (APP) Cubs batting - Pitching for Billings Mustangs : RHP Joe Green
|
|
Batting: LHB Tom Mooney
|
0-0: Called Strike 0-1: Ball 1-1: Foul Ball, location: 2F 1-2: Strikes out swinging
|
|
Batting: RHB Ricardo Saucedo
|
0-0: Called Strike 0-1: SINGLE (Groundball, 56D, EV 105.0 MPH)
|
|
Batting: RHB Bogdan Sdobnyakov
|
0-0: Bunt missed! 0-1: Bunted foul 0-2: Bunted foul, Strikeout!
|
|
Pitching: LHP Jason St. Clair
|
|
|
Batting: RHB Adrian Cox
|
0-0: Ball 1-0: Ball 2-0: Ball 3-0: Called Strike 3-1: Fielders Choice at 2nd, 6-4 (Groundball, 6, EV 89.4 MPH)
|
| Top of the 5th over - 0 runs, 1 hit, 0 errors, 1 left on base; Chicago (APP) 0 - Billings 14 |
| BOTTOM OF THE 5TH |
|
Billings Mustangs batting - Pitching for Chicago (APP) Cubs : RHP Jose Mata
|
|
Batting: LHB Jeremy Robertson
|
0-0: Ball 1-0: SINGLE (Line Drive, 6MD, EV 95.6 MPH)
|
|
Batting: RHB Yutaka Sato
|
0-0: Ball 1-0: Ball 2-0: Fly out, F9 (Line Drive, 9, EV 88.1 MPH)
|
|
Batting: SHB Gustavo Froio
|
0-0: Foul Ball, location: 2F 0-1: Called Strike 0-2: Fielders Choice at 2nd, 6-4 (Groundball, 6, EV 82.5 MPH)
|
|
Batting: LHB William Matthews
|
0-0: Ball 1-0: Foul Ball, location: 2F 1-1: Ball 2-1: Ball 3-1: Base on Balls Gustavo Froio to second
|
|
Batting: RHB Mario Gomez
|
0-0: Foul Ball, location: 2F 0-1: Foul Ball, location: 2F 0-2: Ball 1-2: Ball 2-2: Ball 3-2: Foul Ball, location: 2F 3-2: Base on Balls Gustavo Froio to third William Matthews to second
|
|
Batting: LHB Elijah Benton
|
0-0: SINGLE (Groundball, 56D, EV 107.5 MPH) Gustavo Froio scores William Matthews to third Mario Gomez to second Runner from 3rd tries for Home, throw by LF and OUT! 7-2
|
| Bottom of the 5th over - 1 run, 2 hits, 0 errors, 2 left on base; Chicago (APP) 0 - Billings 15 |
| TOP OF THE 6TH |
|
Chicago (APP) Cubs batting - Pitching for Billings Mustangs : LHP Jason St. Clair
|
|
Now at 2B: Yutaka Sato
|
|
|
Now at SS: Sang-ton Pak
|
|
|
Batting: LHB Hiroki Yamamoto
|
0-0: Called Strike 0-1: Ball 1-1: Ground out 4-3 (Groundball, 4, EV 105.6 MPH)
|
|
Batting: RHB Mike Hill
|
0-0: Foul Ball, location: 2F 0-1: Ball 1-1: Foul Ball, location: 2F 1-2: Strikes out swinging
|
|
Batting: RHB T.J. Garrison
|
0-0: Called Strike 0-1: Ball 1-1: Swinging Strike 1-2: Ball 2-2: Strikes out swinging
|
| Top of the 6th over - 0 runs, 0 hits, 0 errors, 0 left on base; Chicago (APP) 0 - Billings 15 |
| BOTTOM OF THE 6TH |
|
Billings Mustangs batting - Pitching for Chicago (APP) Cubs : RHP Jose Mata
|
|
Batting: RHB Jake Savell
|
0-0: Ball 1-0: Foul Ball, location: 2F 1-1: Ball 2-1: Ball 3-1: Foul Ball, location: 2F 3-2: Base on Balls
|
|
Batting: RHB Andy Bachman
|
0-0: Fly out, F8 (Flyball, 78S, EV 86.9 MPH)
|
|
Batting: SHB David Garnica
|
0-0: Called Strike 0-1: Ball 1-1: Foul Ball, location: 2F 1-2: Ball 2-2: Ball 3-2: Base on Balls Jake Savell to second
|
|
Batting: RHB Sang-ton Pak
|
0-0: Reached on error, E7 (Flyball, 7LS, EV 84.4 MPH) Jake Savell to third David Garnica to second
|
|
Batting: RHB Yutaka Sato
|
0-0: Swinging Strike 0-1: Ball 1-1: Swinging Strike 1-2: Fielders Choice at 2nd, 6-4 (Groundball, 6M, EV 98.1 MPH) Jake Savell scores David Garnica to third
|
|
Batting: SHB Gustavo Froio
|
0-0: Ball 1-0: Swinging Strike 1-1: Ball 2-1: Ball 3-1: Called Strike 3-2: Strikes out looking
|
| Bottom of the 6th over - 1 run, 0 hits, 1 error, 2 left on base; Chicago (APP) 0 - Billings 16 |
| TOP OF THE 7TH |
|
Chicago (APP) Cubs batting - Pitching for Billings Mustangs : LHP Jason St. Clair
|
|
Batting: RHB Dustin Goldsborough
|
0-0: Ball 1-0: Ball 2-0: Called Strike 2-1: Swinging Strike 2-2: Foul Ball, location: 2F 2-2: Strikes out swinging
|
|
Batting: RHB Andy Baumhardt
|
0-0: Ball 1-0: Foul Ball, location: 2F 1-1: Foul Ball, location: 2F 1-2: Strikes out looking
|
|
Batting: LHB Tom Mooney
|
0-0: Called Strike 0-1: Called Strike 0-2: Strikes out swinging
|
| Top of the 7th over - 0 runs, 0 hits, 0 errors, 0 left on base; Chicago (APP) 0 - Billings 16 |
| BOTTOM OF THE 7TH |
|
Billings Mustangs batting - Pitching for Chicago (APP) Cubs : RHP Jose Mata
|
|
Pinch Hitting: RHB Al Blanchard
|
0-0: Ball 1-0: Fly out, F7 (Flyball, 7, EV 95.6 MPH)
|
|
Batting: RHB Mario Gomez
|
0-0: Ball 1-0: Ball 2-0: Foul Ball, location: 2F 2-1: Called Strike 2-2: Ball 3-2: Base on Balls
|
|
Batting: LHB Elijah Benton
|
0-0: Grounds into double play, 4-6-3 (Groundball, 4, EV 85.0 MPH)
|
| Bottom of the 7th over - 0 runs, 0 hits, 0 errors, 0 left on base; Chicago (APP) 0 - Billings 16 |
| TOP OF THE 8TH |
|
Chicago (APP) Cubs batting - Pitching for Billings Mustangs : LHP Jason St. Clair
|
|
Now in LF: Brian Dickeson
|
|
|
Batting: RHB Ricardo Saucedo
|
0-0: Ball 1-0: Ball 2-0: Swinging Strike 2-1: Foul Ball, location: 2F 2-2: Strikes out looking
|
|
Batting: RHB Bogdan Sdobnyakov
|
0-0: Ball 1-0: Swinging Strike 1-1: Ball 2-1: Foul Ball, location: 2F 2-2: Strikes out swinging
|
|
Pitching: LHP Armando Arellano
|
|
|
Batting: RHB Adrian Cox
|
0-0: Foul Ball, location: 2F 0-1: Fly out, F8 (Flyball, 8RXD, EV 107.5 MPH)
|
| Top of the 8th over - 0 runs, 0 hits, 0 errors, 0 left on base; Chicago (APP) 0 - Billings 16 |
| BOTTOM OF THE 8TH |
|
Billings Mustangs batting - Pitching for Chicago (APP) Cubs : RHP Jose Mata
|
|
Batting: RHB Jake Savell
|
0-0: Reached on error, E6 (Groundball, 6M, EV 108.1 MPH)
|
|
Batting: RHB Andy Bachman
|
0-0: Called Strike 0-1: Fielders Choice at 2nd, 3-6 (Groundball, 34, EV 84.4 MPH)
|
|
Batting: SHB David Garnica
|
0-0: Ball 1-0: SINGLE (Groundball, 5L, EV 108.8 MPH) (infield hit) Andy Bachman to second
|
|
Batting: RHB Sang-ton Pak
|
0-0: Ball 1-0: Ball 2-0: Ball 3-0: Called Strike 3-1: Base on Balls Andy Bachman to third David Garnica to second
|
|
Batting: RHB Yutaka Sato
|
0-0: Called Strike 0-1: Called Strike 0-2: Ball 1-2: Ball 2-2: SINGLE (Groundball, 56D, EV 106.9 MPH) Andy Bachman scores David Garnica to third Sang-ton Pak to second Runner from 3rd tries for Home, SAFE, throw by LF to home
|
|
Batting: SHB Gustavo Froio
|
0-0: Called Strike 0-1: SINGLE (Groundball, 5L, EV 82.5 MPH) (infield hit) Sang-ton Pak to third Yutaka Sato to second
|
|
Pinch Hitting: LHB Matt Kennedy
|
0-0: DOUBLE (Flyball, 8RXD, EV 98.1 MPH) Sang-ton Pak scores Yutaka Sato scores Gustavo Froio to third Runner from 3rd tries for Home, SAFE, throw by CF to home
|
|
Batting: RHB Mario Gomez
|
0-0: Ball 1-0: Ground out 5-3 (Groundball, 56S, EV 80.0 MPH)
|
|
Batting: LHB Elijah Benton
|
0-0: Ground out 4-3 (Groundball, 4S, EV 84.4 MPH)
|
| Bottom of the 8th over - 5 runs, 4 hits, 1 error, 1 left on base; Chicago (APP) 0 - Billings 21 |
| TOP OF THE 9TH |
|
Chicago (APP) Cubs batting - Pitching for Billings Mustangs : LHP Armando Arellano
|
|
Now in LF: Matt Kennedy
|
|
|
Batting: LHB Hiroki Yamamoto
|
0-0: Ball 1-0: Foul Ball, location: 2F 1-1: SINGLE (Groundball, 4MD, EV 103.1 MPH)
|
|
Batting: RHB Mike Hill
|
0-0: Ball 1-0: Ball 2-0: Called Strike 2-1: Fielders Choice at 2nd, 5-4 (Groundball, 56, EV 88.8 MPH)
|
|
Batting: RHB T.J. Garrison
|
0-0: Ball Wild Pitch! Mike Hill to second 1-0: Called Strike 1-1: Foul Ball, location: 2F 1-2: Foul Ball, location: 2F 1-2: Ball 2-2: Fly out, F8 (Flyball, 8LXD, EV 103.1 MPH) Runner from 2nd tags up, SAFE at 3rd, no throw by CF
|
|
Batting: RHB Dustin Goldsborough
|
0-0: Ball 1-0: Reached on error, E4 (Groundball, 4, EV 85.0 MPH) Mike Hill scores
|
|
Batting: RHB Andy Baumhardt
|
Balk! Dustin Goldsborough to second 0-0: Foul Ball, location: 2F 0-1: Swinging Strike 0-2: Foul Ball, location: 2F 0-2: Ball 1-2: Fly out, F9 (Flyball, 9, EV 88.8 MPH)
|
| Top of the 9th over - 1 run, 1 hit, 1 error, 1 left on base; Chicago (APP) 1 - Billings 21 |
|